 Dungeon Crawl Stone Soup version 0.30-a0-394-g3e4acdb0ae (webtiles) character file.

Game seed: 15221668562417474743

410 qeuew the Grasshopper (level 6, 0/55 HPs)
             Began as a Naga Warper on Dec 6, 2022.
             Was an Initiate of Cheibriados.
             Slain by a centaur (6 damage)
             ... on level 4 of the Dungeon.
             The game lasted 00:08:35 (4605 turns).

qeuew the Grasshopper (Naga Warper)                 Turns: 4605, Time: 00:08:35

Health: 0/55       AC:  4    Str: 16    XL:     6   Next: 89%
Magic:  10/10      EV: 10    Int: 14    God:    Cheibriados [......]
Gold:   247        SH:  0    Dex: 12    Spells: 2/11 levels left

rFire   . . .      SeeInvis +    a - +1 mace
rCold   . . .      Faith    .    (no shield)
rNeg    . . .      Spirit   .    b - +1 leather armour
rPois   +          Reflect  .    (no helmet)
rElec   .          Harm     .    (no cloak)
rCorr   .          Rampage  .    (no gloves)
Will    .....                    (no barding)
Stlth   +.........               f - amulet of magic regeneration
HPRegen 0.29/turn                (no ring)
MPRegen 0.52/turn                (no ring)

@: very slow
A: AC +2, large, see invisible, deformed body, poison resistance, slowness 2,
spit poison 1, naga tail 1
a: Spit Poison, Renounce Religion


You were on level 4 of the Dungeon.
You worshipped Cheibriados.
Cheibriados was noncommittal.
You visited 1 branch of the dungeon, and saw 4 of its levels.

You collected 247 gold pieces.

Inventory:

Hand Weapons
 a - a +1 mace (weapon)
Missiles
 d - 7 boomerangs of dispersal
Armour
 b - a +1 leather armour (worn)
Jewellery
 f - an amulet of magic regeneration (around neck)
Wands
 e - a wand of flame (26)
 j - a wand of paralysis (3)
Scrolls
 g - a scroll of amnesia {unknown}
 h - a scroll of identify {unknown}
 m - 2 scrolls of enchant armour
Potions
 i - a potion of mutation {unknown}
 k - a potion of brilliance


   Skills:
 + Level 2.9 Fighting
 + Level 2.9 Maces & Flails
 - Level 0.8 Throwing
 + Level 1.8 Armour
 + Level 2.5 Dodging
 * Level 3.2 Spellcasting
 * Level 4.2 Translocations
 + Level 1.6 Air Magic
 + Level 1.5 Evocations


You had 2 spell levels left.
You knew the following spells:

 Your Spells              Type           Power      Damage    Failure   Level
a - Blink                 Tloc           28%        N/A       7%          2
b - Vhi's Electric Charg  Tloc/Air       20%        N/A       24%         3
c - Manifold Assault      Tloc           14%        N/A       41%         4

Your spell library contained the following spells:

 Spells                   Type           Power      Damage    Failure   Level
 Poisonous Vapours        Pois/Air       8%         N/A       28%         2
 Cigotuvi's Dreadful Rot  Necr/Pois/Air  6%         N/A       30%         2
 Lesser Beckoning         Tloc           28%        N/A       14%         3
 Teleport Other           Tloc           14%        N/A       14%         3
 Mephitic Cloud           Conj/Pois/Air  3%         N/A       52%         3


Dungeon Overview and Level Annotations

Branches:
Dungeon (4/15)
 Temple: D:4-7

Altars:
Cheibriados
Elyvilon
Kikubaaqudgha
Nemelex Xobeh
Okawaru


Innate Abilities, Weirdness & Mutations

Your serpentine skin is tough. (AC +2)
You have supernaturally acute eyesight. (SInv)
Armour fits poorly on your strangely shaped body.
Your system is resistant to poisons. (rPois)
You cover ground very slowly.
You can spit poison.
You have a snake-like lower body.


Message History

* * * LOW HITPOINT WARNING * * *
Unknown command.
You closely miss the centaur. The centaur hits you.
* * * LOW HITPOINT WARNING * * *
The centaur kicks you but does no damage.
The orc hits you with a +0 short sword.
* * * LOW HITPOINT WARNING * * *
Unknown command.
Okay, then.
As you read the scroll of fear, it crumbles to dust.
You assume a fearsome visage.
The centaur looks frightened!
The orc looks frightened!
As you read the scroll of teleportation, it crumbles to dust.
You feel strangely unstable.
The orc hums to itself desperately, trying to keep calm.
Your surroundings suddenly seem different.
A centaur is nearby!
The centaur shouts!
The centaur shoots an arrow.
The arrow hits you!
The centaur shoots an arrow.
The arrow hits you!
The centaur shoots an arrow.
The arrow barely misses you.
The centaur shoots an arrow.
The arrow hits you!
* * * LOW HITPOINT WARNING * * *
Okay, then.
The centaur unwields a +0 shortbow.
The centaur hits you.
* * * LOW HITPOINT WARNING * * *
The centaur closely misses you.
The centaur hits you but does no damage.
The centaur kicks you.
* * * LOW HITPOINT WARNING * * *
The centaur hits you.
* * * LOW HITPOINT WARNING * * *
The centaur kicks you but does no damage.
You hit the centaur.
The centaur is moderately wounded.
The centaur closely misses you. The centaur barely misses you.
You hit the centaur.
The centaur is moderately wounded.
The centaur hits you.
You die...

#.#####.#_)..##
#.##.'..#...._#
##....##.#_...##
#......#.###.## #
#......#.###.# ..
#.>....#.[#..# ##
#......##...##
#.......##.##
#....@c..#_#
#........###
##+#...#.#
#.###.#.#############
#...........<........
#####|#.#############
#.#...........)..
#..(..?..........
#################


You could see a centaur.

Vanquished Creatures
  Menkaure (D:4)
  An ogre (D:4)
  A scorpion (D:3)
  3 adders
  4 gnolls (D:4)
  3 worms (D:2)
  A dart slug (D:3)
  11 orcs
  3 ball pythons (D:3)
  6 endoplasms
  A giant cockroach (D:3)
  5 hobgoblins
  3 jackals (D:3)
  9 kobolds
  A quokka (D:4)
  2 bats
  5 frilled lizards
  2 goblins
  6 rats
68 creatures vanquished.

Vanquished Creatures (others)
  A withered plant (D:3)
1 creature vanquished.

Grand Total: 69 creatures vanquished

Notes
Turn   | Place    | Note
-------+----------+-------------------------------------------
     0 | D:1      | qeuew the Naga Warper began the quest for the Orb.
     0 | D:1      | Reached XP level 1. HP: 19/19 MP: 3/3
   318 | D:1      | Reached XP level 2. HP: 23/26 MP: 5/5
   961 | D:2      | Reached skill level 1 in Armour
   964 | D:2      | Learned a level 2 spell: Blink
  1224 | D:2      | Reached XP level 3. HP: 25/32 MP: 6/6
  1569 | D:2      | Learned a level 3 spell: Vhi's Electric Charge
  1969 | D:3      | Found an ancient bone altar of Kikubaaqudgha.
  2119 | D:3      | Found a faded altar of an unknown god.
  2192 | D:3      | Reached XP level 4. HP: 15/40 MP: 7/7
  3140 | D:4      | Noticed Menkaure
  3160 | D:4      | Killed Menkaure
  3161 | D:4      | Reached skill level 1 in Air Magic
  3161 | D:4      | Reached skill level 1 in Evocations
  3161 | D:4      | Reached XP level 5. HP: 17/46 MP: 7/9
  3364 | D:4      | Noticed an ogre
  3372 | D:4      | Killed an ogre
  3373 | D:4      | Reached skill level 4 in Translocations
  3373 | D:4      | Reached XP level 6. HP: 28/55 MP: 10/10
  4223 | D:3      | Learned a level 4 spell: Manifold Assault
  4323 | D:4      | Found a white marble altar of Elyvilon.
  4323 | D:4      | Found a sparkling altar of Nemelex Xobeh.
  4340 | D:4      | Found an iron altar of Okawaru.
  4342 | D:4      | Found a snail-covered altar of Cheibriados.
  4344 | D:4      | Found a faded altar of an unknown god.
  4349 | D:4      | Became a worshipper of Cheibriados the Contemplative
  4605 | D:4      | Slain by a centaur

Illustrated notes

Levels and vault maps discovered:
D:1:      ncdulo_wetmaze, layout_basic
D:2:      layout_loops_ring
D:3:      layout_loops_corners, kiku_gazebo_garden_becter,
          hellmonk_ecumenical_altar_slurped_away, corexii_corridor_pit,
          minmay_strange_pillars
D:4:      layout_basic, chequers_temple_overflow_minitemple,
          minmay_manual_mares, uniq_menkaure

Skill      XL: |  1  2  3  4  5 |
---------------+----------------+-----
Armour         | 1 |  1.8
Dodging        | 2 |  2.5
Air Magic      | 1 |  1.6
Evocations     | 1 |  1.5
Spellcasting   | 3 |  3.2
Translocations | 4 |  4.2
Fighting       | |  2.9
Maces & Flails | |  2.9
Throwing       | |  0.8

Action                   |  1- 3 |  4- 6 || total
-------------------------+-------+-------++-------
Melee: Mace              |   129 |    82 ||   211
       Punch             |     2 |     2 ||     4
 Cast: Blink             |       |     3 ||     3
 Abil: Spit Poison       |    21 |    15 ||    36
  Use: Scroll            |     7 |     4 ||    11
       Potion            |     5 |     3 ||     8
 Stab: Sleeping          |       |     1 ||     1
Armor: Leather armour    |    51 |    25 ||    76
Dodge: Dodged            |    80 |    57 ||   137

Table legend: (Time is in decaauts)
 A = Elapsed time spent in this place.
 B = Non-inter-level travel time spent in this place.
 C = Inter-level travel time spent in this place.
 D = Time resting spent in this place.
 E = Time spent auto-exploring this place.
 F = Levels seen in this place.
 G = Mean time per level.
                   A        B        C        D        E       F      G
               +--------+--------+--------+--------+--------+-----+--------+
         Total |   5665 |   5390 |    275 |    607 |   4078 |   4 | 1416.2 |
       Dungeon |   5665 |   5390 |    275 |    607 |   4078 |   4 | 1416.2 |
               +--------+--------+--------+--------+--------+-----+--------+

Top non-repeatable levels by time:
     D:3: 2233 daAuts
     D:1: 1205 daAuts
     D:2: 1172 daAuts
     D:4: 1053 daAuts
